 Dungeon Crawl Stone Soup version 0.23.1 (webtiles) character file.

Game seed: 0

614 Descartes the Ruffian (level 7, -3/36 HPs)
             Began as a Vine Stalker Wanderer on Mar 16, 2019.
             Slain by a sky beast (5 damage)
             ... on level 5 of the Dungeon.
             The game lasted 00:16:49 (4149 turns).

Descartes the Ruffian (Vine Stalker Wanderer)       Turns: 4149, Time: 00:16:50

Health: -3/36      AC:  8    Str: 25    XL:     7   Next: 44%
Magic:  0/13       EV: 11    Int: 11    God:
Gold:   282        SH:  0    Dex: 11    Spells: 13/13 levels left

rFire    . . .     SeeInvis .   c - +0 mace
rCold    . . .     Gourm    .   (no shield)
rNeg     . . .     Faith    .   a - +2 scale mail
rPois    .         Spirit   +   (no helmet)
rElec    .         Reflect  .   (no cloak)
rCorr    .         Harm     .   (no gloves)
MR       .....                  (no boots)
Stlth    ..........             (no amulet)
HPRegen  0.52/turn              (no ring)
MPRegen  0.13/turn              (no ring)

@: mighty
A: fangs 2, regeneration 1, magic shield, antimagic bite, no potion heal 3, rot
immunity
a: no special abilities


You were on level 5 of the Dungeon.
You were near starving.

You visited 1 branch of the dungeon, and saw 5 of its levels.
You also visited: Sewer.

You collected 282 gold pieces.

Inventory:

Hand Weapons
 c - a +0 mace (weapon)
 u - a +0 hunting sling
 D - a +0 blowgun
Missiles
 e - 212 stones (quivered)
 i - 7 curare-tipped needles
 y - 2 tomahawks
 z - 13 bolts
 B - 8 javelins
Armour
 a - a +2 scale mail (worn)
 E - a +2 robe of magic resistance
Wands
 v - a wand of flame (16)
 x - a wand of disintegration (16)
Scrolls
 b - 5 scrolls of teleportation
 g - 5 scrolls of identify
 k - a scroll of amnesia {unknown}
 n - a scroll of fear {unknown}
 o - a scroll of noise {unknown}
 p - 5 scrolls of blinking
 t - a scroll of enchant armour {unknown}
 A - a scroll of remove curse {unknown}
Potions
 h - 2 potions of flight
 j - a potion of resistance {unknown}
 l - 2 potions of lignification {unknown}
 m - a potion of might
 q - 2 potions of haste {unknown}
 r - a potion of brilliance {unknown}
 w - a potion of heal wounds
 C - a potion of agility {unknown}
 F - 2 potions of magic {unknown}
Comestibles
 d - 7 rations


   Skills:
 + Level 3.3 Fighting
 - Level 1.0 Maces & Flails
 - Level 1.0 Throwing
 - Level 2.9 Armour
 + Level 2.3 Dodging
 + Level 0.2 Stealth
 * Level 4.2 Unarmed Combat
 + Level 3.9 Spellcasting
   Level 1.0 Transmutations
 - Level 1.0 Evocations


You had 13 spell levels left.
You didn't know any spells.
Your spell library contained the following spells:

 Spells                   Type           Power        Failure   Level  Hunger
 Animate Skeleton         Necr           N/A          50%         1    #......
 Apportation              Tloc           #.....       50%         1    #......
 Confusing Touch          Hex            #.....       50%         1    #......
 Summon Small Mammal      Summ           #...         50%         1    #......


Dungeon Overview and Level Annotations

Branches:
Dungeon (5/15)
 Temple: D:4-7

Altars:
Nemelex Xobeh


Innate Abilities, Weirdness & Mutations

You have extremely sharp teeth.
Your natural rate of healing is unusually fast.
When hurt, damage is shared between your health and your magic reserves.
Your bite disrupts and absorbs the magic of your enemies.
Potions cannot restore your health.
You are immune to rotting.


Message History

The sky beast is lightly wounded.
The sky beast hits you but does no damage.
You closely miss the sky beast.
The sky beast is lightly wounded.
The sky beast hits you. The sky beast shocks you.
* * * LOW HITPOINT WARNING * * *
The sky beast flickers out of sight!
Deactivating autopickup; reactivate with Ctrl-A.
Something hits you.
* * * LOW HITPOINT WARNING * * *
Something shocks you.
* * * LOW HITPOINT WARNING * * *
You feel very mighty all of a sudden. Something hits you but does no damage.
You thump something! Your bite misses something.
You feel sick.
You are no longer poisoned.
Something hits you.
* * * LOW HITPOINT WARNING * * *
Something shocks you.
You die...

#. #.# #. #.# .#
##.##.# .#
##$..#.##.#
#.##.......#.#
#......≈<....#
####.........###.#
.......?.†.......#
######...{@..####
###...### #...#
#####


There were no monsters in sight!

Vanquished Creatures
  Sigmund (D:4)
  A hound (D:4)
  2 orc wizards (D:4)
  2 orc priests (D:4)
  A worker ant (D:4)
  10 adders
  7 river rats
  3 oozes (Sewer)
  An adder skeleton (D:4)
  3 dart slugs
  3 worms
  6 leopard geckos
  4 orcs (D:4)
  4 ball pythons
  11 bats
  4 giant cockroaches (D:3)
  9 goblins
  2 hobgoblins
  4 jackals (D:1)
  12 kobolds
  2 quokkas
  5 frilled lizards
  A leopard gecko skeleton (D:4)
  A quokka skeleton (D:4)
  13 rats
112 creatures vanquished.

Notes
Turn   | Place    | Note
-------+----------+-------------------------------------------
     0 | D:1      | Descartes the Vine Stalker Wanderer began the quest for the
                  | Orb.
     0 | D:1      | Descartes set off with the following items: a +2 scale
                  | mail, a scroll of teleportation, a +0 mace, a ration
     0 | D:1      | Reached XP level 1. HP: 11/11 MP: 4/4
   136 | D:1      | Reached XP level 2. HP: 11/15 MP: 6/6
   139 | D:1      | Reached skill level 1 in Unarmed Combat
   630 | D:1      | Reached XP level 3. HP: 16/18 MP: 5/7
  1010 | D:2      | Gained mutation: Your natural rate of healing is unusually
                  | fast. [Vine Stalker growth]
  1010 | D:2      | Reached XP level 4. HP: 14/23 MP: 5/8
  1018 | D:2      | Reached skill level 1 in Dodging
  1060 | D:2      | Reached skill level 2 in Unarmed Combat
  2347 | D:3      | Reached XP level 5. HP: 17/27 MP: 6/10
  2657 | D:3      | Found a sparkling altar of Nemelex Xobeh.
  2936 | D:4      | Reached skill level 3 in Unarmed Combat
  2936 | D:4      | Reached XP level 6. HP: 27/32 MP: 9/11
  3189 | D:4      | Noticed Sigmund
  3205 | D:4      | Killed Sigmund
  3205 | D:4      | Reached skill level 4 in Unarmed Combat
  3205 | D:4      | Reached XP level 7. HP: 36/36 MP: 13/13
  3337 | D:4      | Found a glowing drain.
  3344 | Sewer    | Entered a sewer
  4128 | D:5      | Entered Level 5 of the Dungeon
  4149 | D:5      | Slain by a sky beast

Skill      XL: |  1  2  3  4  5  6 |
---------------+-------------------+-----
Unarmed Combat | 1 2 3 4 |  4.2
Fighting       | 2 3 |  3.3
Armour         | 2 |  2.9
Dodging        | 1 2 |  2.3
Spellcasting   | 3 |  3.9
Maces & Flails | |  1.0
Throwing       | |  1.0
Stealth        | |  0.2
Transmutations | |  1.0
Evocations     | |  1.0

Action                   |  1- 3 |  4- 6 |  7- 9 || total
-------------------------+-------+-------+-------++-------
Melee: Mace              |    77 |   192 |   167 ||   436
       Bite              |    15 |    45 |    37 ||    97
       Punch             |       |       |     2 ||     2
Throw: Stone             |       |       |     4 ||     4
  Use: Scroll            |       |     1 |     1 ||     2
       Potion            |       |     4 |     3 ||     7
  Eat: Chunk             |       |     8 |     2 ||    10
Armor: Scale mail        |    61 |   134 |   106 ||   301
Dodge: Dodged            |    57 |   144 |   125 ||   326
